 Dungeon Sprint DCSS version 0.02-122-g12e50fee3c (webtiles) character file.

Game seed: 7357028512404772963, levelgen mode: deterministic

6752 lorenzova the Sorcerer (level 10, -1/50 HPs) Deep Elf Fire Elementalist. Began on Oct 7, 2020. Was a High Priest of Vehumet. Engulfed by a cloud of steam (7 damage) ... in the Dungeon (Sprint I: "Red Sonja"). The game lasted 00:10:35 (1543 turns).

lorenzova the Sorcerer (Deep Elf Fire Elementalist) Turns: 1543, Time: 00:10:35

Health: -1/50      AC:  8    Str:  5    XL:     10 ^: 1325
Magic:  11/37      EV: 10    Int: 24    God:    Vehumet [5* [128]]
Gold:   163        SH:  6    Dex: 15    Spells: 31/52 levels left

rFire    . . .     Vision   .   l - +1 short sword (venom)
rCold    + . .     Gourm    .   m - +2 buckler {rC+}
rNeg     . . .     Faith    .   p - +3 ring mail {rPois}
rPois    +         Spirit   .   (no helmet)
rElec    .         Reflect  .   (no cloak)
rCorr    .         Harm     .   (no gloves)
MR       +....     NoTele   +   (no boots)
Stlth    +.........             (no amulet)
HPRegen  0.26/turn              (no ring)
MPRegen  0.47/turn              (no ring)

@: no status effects
A: no striking features
a: Renounce Religion


You were in the Dungeon.
You worshipped Vehumet.
Vehumet was extremely pleased with you.
You were not hungry.

You visited 1 branch You collected 835 gold pieces.
You spent 672 gold pieces at shops.

Inventory:

Weapons
 l - a +1 short sword of venom (weapon) Shields
 m - a +2 buckler of cold resistance (shield)
Armour
 p - a +3 ring mail of poison resistance (worn)
Wands
 b - a wand of ensnaring (1)
 j - a wand of clouds (4)
 k - a wand of flame (1)
Potions
 d - 4 potions of curing
 e - 2 potions of heal wounds
 f - a potion of haste
 g - 2 potions of magic
 h - a potion of berserk rage
 o - a potion of agility
Comestibles
 c - 4 rations


   Skills:
 - Level 2.4 Dodging
 - Level 2.4 Stealth
 + Level 21.6 Spellcasting
 + Level 18.8 Fire Magic


You had 31 spell levels left.
You knew the following spells:

 Your Spells              Type           Power        Failure   Level  Hunger
a - Foxfire               Fire           25 (25)      0%          1    None
b - Searing Ray           Fire           50 (50)      0%          2    None
c - Conjure Flame         Fire           86 (100)     0%          3    None
d - Sticky Flame          Fire/Pois      63 (100)     1%          4    None
e - Starburst             Fire           86 (200)     1%          6    ##.....
f - Fireball              Fire           86 (200)     1%          5    None

Your spell library contained the following spells:

 Spells                   Type           Power        Failure   Level  Hunger
 Flame Tongue             Fire           40 (40)      0%          1    None
 Sandblast                Erth           25 (50)      1%          1    None
 Inner Flame              Hex/Fire       63 (100)     1%          3    None
 Static Discharge         Air            25 (100)     5%          3    None
 Force Lasso              Tloc/Erth      25 (200)     17%         4    None
 Hailstorm                Ice            25 (100)     17%         4    None


Dungeon Overview and Level Annotations

Branches:
Dungeon (1/1)

Altars:
Cheibriados
Dithmenos
Elyvilon
Fedhas Madash
Gozag Ym Sagoz
Hepliaklqana
Kikubaaqudgha
Makhleb
Nemelex Xobeh
Okawaru
Qazlal
Ru
Sif Muna
Trog
Uskayaw
Vehumet
Wu Jian
Xom
Yredelemnul
Zin
The Shining One
Jiyva
Lugonu

Shops:
D (**%=([


Message History

The demonic crawler hits you (6).
* * * LOW HITPOINT WARNING * * *
The demonic crawler hits you (2).
* * * LOW HITPOINT WARNING * * *
The demonic crawler hits you (4).
* * * LOW HITPOINT WARNING * * *
Casting: Starburst (safe; 1% risk of failure)
Confirm with . or Enter, or press ? or * to list all spells.
The bolt of fire hits the demonic crawler (17)!
The demonic crawler resists.
You kill the demonic crawler!
Vehumet accepts your kill.
You feel your power returning.
You start resting.
You're standing in a cloud of steam!
You're standing in a cloud of steam!
You're standing in a cloud of steam!
You're standing in a cloud of steam!
You are engulfed in a cloud of scalding steam.
You die...

###################
#<.#..').#.....#__#
#.....#...).#......
#..#####'#####.#__#
#..####..#...#.####
#..#__####..##)#§§≈
#§§#_____##'#_§b)§§
#§@#_.∩...'...§#≈§§
####_..__##_.#'##+#
#_____###.#)#)?.
############.####.#
#∩....÷...'...'....
###....####...#####
#.......####.###
#......b.#.#'#.#
#..#.....#.....#


There were no monsters in sight!

Vanquished Creatures
  Sonja (D)
  A deep troll (D)
  8 shining eyes (D)
  2 centaur warriors (D)
  2 kobold demonologists (D)
  2 demonic crawlers (D)
  Sigmund (D)
  A yak (D)
  A slime creature (D)
  5 floating eyes (D)
  An ogre (D)
  Ijyb (D)
  A jelly (D)
  A ballistomycete (D)
  2 giant blowflies (D)
30 creatures vanquished.

Vanquished Creatures (others)
  2 ballistomycete spores (D)
  8 foxfires (D)
10 creatures vanquished.

Grand Total: 40 creatures vanquished

Notes
Turn   | Place    | Note
-------+----------+-------------------------------------------
     0 | D        | lorenzova the Deep Elf Fire Elementalist began the quest
                  | for the Orb.
     0 | D        | Reached XP level 1. HP: 10/10 MP: 6/6
     1 | D        | Noticed Ijyb
     9 | D        | Killed Ijyb
     9 | D        | Reached skill level 8 in Spellcasting
     9 | D        | Reached XP level 2. HP: 15/15 MP: 3/13
     9 | D        | Reached XP level 3. HP: 19/19 MP: 3/14
     9 | D        | Reached XP level 4. HP: 24/24 MP: 3/16
    62 | D        | Learned a level 2 spell: Searing Ray
    66 | D        | Learned a level 3 spell: Conjure Flame
    71 | D        | Learned a level 4 spell: Sticky Flame
    77 | D        | Noticed an ogre
    82 | D        | Killed an ogre
    82 | D        | Reached skill level 10 in Spellcasting
    82 | D        | Reached XP level 5. HP: 28/28 MP: 10/19
   126 | D        | Learned a level 5 spell: Fireball
   135 | D        | Noticed Sigmund
   138 | D        | Killed Sigmund
   138 | D        | Reached skill level 12 in Spellcasting
   138 | D        | Reached skill level 10 in Fire Magic
   138 | D        | Reached XP level 6. HP: 32/32 MP: 6/23
   228 | D        | Noticed a slime creature
   228 | D        | Found a burning altar of Makhleb.
   228 | D        | Found a shimmering altar of Xom.
   231 | D        | Killed a slime creature
   231 | D        | Reached skill level 13 in Spellcasting
   284 | D        | Found a shimmering blue altar of Sif Muna.
   285 | D        | Found a viscous altar of Jiyva.
   285 | D        | Found a corrupted altar of Lugonu.
   285 | D        | Found an ornate altar of the Wu Jian Council.
   287 | D        | Found a radiant altar of Vehumet.
   294 | D        | Became a worshipper of Vehumet
   295 | D        | Found Cayr's Food Emporium.
   295 | D        | Found an ancient bone altar of Kikubaaqudgha.
   295 | D        | Found a stormy altar of Qazlal.
   295 | D        | Found a blossoming altar of Fedhas.
   295 | D        | Found a bloodstained altar of Trog.
   295 | D        | Found an iron altar of Okawaru.
   295 | D        | Found a glowing golden altar of the Shining One.
   295 | D        | Found a glowing silver altar of Zin.
   295 | D        | Found a white marble altar of Elyvilon.
   295 | D        | Noticed a yak
   297 | D        | Found a hazy altar of Hepliaklqana.
   297 | D        | Found a hide-covered altar of Uskayaw.
   297 | D        | Found a sacrificial altar of Ru.
   305 | D        | Killed a yak
   305 | D        | Reached skill level 14 in Spellcasting
   305 | D        | Reached XP level 7. HP: 16/36 MP: 19/26
   401 | D        | Found a basalt altar of Yredelemnul.
   401 | D        | Found an opulent altar of Gozag.
   401 | D        | Found a snail-covered altar of Cheibriados.
   401 | D        | Found a shadowy altar of Dithmenos.
   415 | D        | Found a sparkling altar of Nemelex Xobeh.
   421 | D        | Bought a ration for 55 gold pieces
   421 | D        | Bought a ration for 55 gold pieces
   421 | D        | Bought a ration for 55 gold pieces
   432 | D        | Noticed a centaur warrior
   436 | D        | Noticed a centaur warrior
   439 | D        | Killed a centaur warrior
   439 | D        | Reached skill level 15 in Spellcasting
   441 | D        | Killed a centaur warrior
   441 | D        | Reached * piety under Vehumet
   441 | D        | Offered knowledge of Flame Tongue by Vehumet.
   441 | D        | Reached skill level 16 in Spellcasting
   441 | D        | Reached XP level 8. HP: 30/41 MP: 9/30
   538 | D        | Noticed Sonja
   539 | D        | Killed Sonja
   539 | D        | Reached skill level 17 in Spellcasting
   539 | D        | Reached skill level 15 in Fire Magic
   539 | D        | Reached XP level 9. HP: 45/45 MP: 25/32
   575 | D        | Found Jowkuu's Weapon Boutique.
   585 | D        | Bought a +2 buckler of cold resistance for 273 gold pieces
   600 | D        | Noticed a deep troll
   605 | D        | Killed a deep troll
   605 | D        | Reached skill level 18 in Spellcasting
   676 | D        | Found Ecku's Armour Emporium.
   691 | D        | HP: 1/45 [something (25)]
   919 | D        | Bought a +2 ring mail of poison resistance for 234 gold
                  | pieces
   955 | D        | Reached ** piety under Vehumet
   955 | D        | Offered knowledge of Sandblast by Vehumet.
   959 | D        | Noticed a shining eye
   961 | D        | Killed a shining eye
   964 | D        | Offered knowledge of Static Discharge by Vehumet.
   964 | D        | Reached skill level 19 in Spellcasting
   965 | D        | Noticed a shining eye
   965 | D        | Reached *** piety under Vehumet
   966 | D        | Noticed a shining eye
   966 | D        | Killed a shining eye
   967 | D        | Noticed a shining eye
   968 | D        | Killed a shining eye
   968 | D        | Offered knowledge of Force Lasso by Vehumet.
   968 | D        | Reached XP level 10. HP: 50/50 MP: 2/35
   968 | D        | Killed a shining eye
   968 | D        | Reached skill level 20 in Spellcasting
   968 | D        | Killed a shining eye
   968 | D        | Reached **** piety under Vehumet
   976 | D        | Killed a shining eye
   976 | D        | Offered knowledge of Hailstorm by Vehumet.
  1042 | D        | Noticed a shining eye
  1046 | D        | Killed a shining eye
  1114 | D        | Noticed a shining eye
  1117 | D        | Killed a shining eye
  1117 | D        | Reached skill level 21 in Spellcasting
  1273 | D        | Found Locset's Weapon Boutique.
  1275 | D        | Found Zequom's Assorted Antiques.
  1276 | D        | Found Godam's Jewellery Shop.
  1277 | D        | Found Nutsaepa's General Store.
  1398 | D        | Reached ***** piety under Vehumet
  1398 | D        | Offered knowledge of Starburst by Vehumet.
  1464 | D        | Learned a level 6 spell: Starburst
  1543 | D        | Engulfed by a cloud of steam

Levels and vault maps discovered:
D:        dungeon_sprint_1 [red_sonja_temple_1, red_sonja_temple_small_1]

Skill      XL: |  1  2  3  4  5  6  7  8  9 10 |
---------------+-------------------------------+-----
Spellcasting   | 8 10 12 14 16 17 19 21 | 21.6
Fire Magic     | 7 8 10 12 14 15 17 18 | 18.8
Dodging        | |  2.4
Stealth        | |  2.4

Action                   |  1- 3 |  4- 6 |  7- 9 | 10-12 || total
-------------------------+-------+-------+-------+-------++-------
 Cast: Foxfire           |     4 |       |       |       ||     4
       Conjure Flame     |       |     4 |     2 |     6 ||    12
       Searing Ray       |       |     1 |       |       ||     1
       Fireball          |       |     5 |    17 |    18 ||    40
       Sticky Flame      |       |     2 |       |     3 ||     5
       Starburst         |       |       |       |     2 ||     2
  Use: Scroll            |       |       |     1 |     1 ||     2
  Eat: Ration            |       |       |       |     1 ||     1
Armor: Ring mail         |       |       |       |     4 ||     4
Dodge: Dodged            |     6 |       |       |     3 ||     9
